 Dungeon Crawl Stone Soup version 0.32-a0-768-g0f6f1dd4b9 (webtiles) character file.

Game seed: 2233643149756278560

3509 Tarmogoyf the Covert (level 10, 0/70 HPs)
             Began as a Formicid Warper on Mar 18, 2024.
             Was a Follower of Cheibriados.
             Shot with an arrow by a centaur (7 damage)
             ... on level 9 of the Dungeon.
             The game lasted 00:12:10 (6903 turns).

Tarmogoyf the Covert (Formicid Warper)              Turns: 6903, Time: 00:12:11

Health: 0/70       AC: 18    Str: 21 (22) XL:     10   Next: 28%
Magic:  16/16      EV:  4    Int: 16 (17) God:    Cheibriados [*.....]
Gold:   376        SH:  9    Dex: 19 (22) Spells: 13/17 levels left

rFire   . . .        h - +2 trident (heavy)
rCold   . . .        e - +0 kite shield {AC+3}
rNeg    + . .        b - +0 plate armour
rPois   .            (helmet unavailable)
rElec   .            d - +2 cloak
rCorr   .            F - +1 pair of gloves of Lethargy {Regen+ Str+2}
SInv    +            (no boots)
Will    ++...        (no amulet) Stlth
                     y - ring "Ireodo" {rN+ Will+ Dex+4}
HPRegen 1.11/turn    (no ring)
MPRegen 0.15/turn

%: no passive effects
@: mighty, lethally poisoned (0 -> -1), very slow
A: permanent stasis, dig shafts and tunnels, antennae 3, four strong arms
a: Dig, Shaft Self, Renounce Religion, Bend Time


You were on level 9 of the Dungeon.
You worshipped Cheibriados.
Cheibriados was aware of your devotion.
You visited 2 branches of the dungeon, and saw 11 of its levels.

You collected 1026 gold pieces.
You spent 650 gold pieces at shops.

Inventory:

Hand Weapons
 a - a +0 spear
 h - a +2 heavy trident (weapon)
Missiles
 l - 22 poisoned darts (quivered)
Armour
 b - a +0 plate armour (worn)
 d - a +2 cloak (worn)
 e - a +0 kite shield of protection (worn)
 k - a +0 ring mail
 s - a scarf of repulsion
 F - the +1 pair of gloves of Lethargy (worn) {Regen+ Str+2}
   (You bought it in a shop on level 5 of the Dungeon)

   Str+2:     It affects your strength (+2).
   Regen+:    It increases your rate of health regeneration.
Jewellery
 t - a ring of fire
 y - the ring "Ireodo" (left hand) {rN+ Will+ Dex+4}
   (You found it on level 6 of the Dungeon)

   [ring of positive energy]

   Dex+4:     It affects your dexterity (+4).
   rN+:       It protects you from negative energy.
   Will+:     It increases your willpower.
Wands
 c - a wand of polymorph (23)
 i - a wand of iceblast (5)
 K - a wand of flame (24)
 L - a wand of charming (8)
Scrolls
 g - a scroll of immolation
 j - 2 scrolls of amnesia
 m - 2 scrolls of blinking {@r4}
 p - 4 scrolls of teleportation {@r3}
 r - a scroll of noise
 u - a scroll of poison
 v - 3 scrolls of revelation {@r5}
 w - a scroll of vulnerability {!r}
 D - a scroll of enchant weapon
 H - a scroll of fog {unknown}
 I - a scroll of silence {!r}
 J - a scroll of summoning {unknown}
Potions
 f - a potion of resistance {unknown}
 n - 2 potions of might {@q3}
 o - 3 potions of invisibility {unknown}
 q - 3 potions of degeneration
 x - 2 potions of brilliance {unknown}
 z - 3 potions of heal wounds {unknown}
 A - a potion of mutation {unknown}
 B - 2 potions of curing {unknown}
 C - 4 potions of enlightenment {unknown}
 E - a potion of ambrosia {unknown}
 G - a potion of cancellation {unknown}


   Skills:
 - Level 3.0 Fighting
 + Level 5.3 Polearms
 - Level 1.0 Throwing
 - Level 1.1 Armour
 - Level 1.7 Dodging
 - Level 8.0 Stealth
 + Level 3.3 Shields
 - Level 4.0 Spellcasting
 - Level 8.0 Translocations
 - Level 8.0 Invocations


You had 13 spell levels left.
You knew the following spells:

 Your Spells              Type           Power      Damage    Failure   Level
m - Manifold Assault      Tloc           28%        N/A       99%         4

Your spell library contained the following spells:

 Spells                   Type           Power      Damage    Failure   Level
 Lesser Beckoning         Tloc           56%        N/A       56%         2
 Teleport Other           Tloc           28%        N/A       80%         3
 Sigil of Binding         Hex            3%         N/A       100%        3
 Death Channel            Necr           1%         N/A       100%        6
 Sculpt Simulacrum        Ice/Alch       1%         N/A       100%        6
 Blink                    Tloc           Unusable   N/A       N/A         2
 Vhi's Electric Charge    Tloc/Air       Unusable   N/A       N/A         4

Dungeon Overview and Level Annotations

Branches:
Dungeon (10/15)            Temple (1/1) D:7
   Lair: D:8-11         Orc: D:9-12

Altars:
Ashenzari
Cheibriados
Dithmenos
Elyvilon
Fedhas
Gozag
Kikubaaqudgha
Makhleb
Nemelex Xobeh
Qazlal
Ru
Sif Muna
Trog
Uskayaw
Vehumet
Wu Jian
Xom
Yredelemnul
Zin

Shops:
D:2 [:*   D:5 [   D:6 [   D:8 :

Annotations:
D:6 need fly


Innate Abilities, Weirdness & Mutations

You cannot be hasted, slowed, berserked, paralysed or teleported.
You can dig through walls and to a lower floor.
You have a pair of large antennae on your head. (SInv)
Your four strong arms can wield two-handed weapons with a shield.


Message History

The killer bee stings you but does no damage.
The killer bee stings you!
* * * LOW HITPOINT WARNING * * *
You are more poisoned.
The killer bee poisons you! You block the killer bee's attack.
Okay, then.
Aiming: Charm
Press: ? - help, Q - select action, (/) - cycle Shift-Dir - straight line, f/p - killer bee
Aim: a killer bee (almost dead, chance to affect: 57%)
The killer bee is charmed.
You feel sick.
The killer bee completely misses your killer bee.
The killer bee stings your killer bee.
Your killer bee dies!
Aiming: Charm
Press: ? - help, Q - select action, (/) - cycle Shift-Dir - straight line, f - killer bee
Aim: a killer bee (chance to affect: 57%)
The killer bee is charmed.
You feel sick.
The killer bee closely misses your killer bee.
The killer bee misses your killer bee.
It was a potion of might.
You feel very mighty all of a sudden.
You feel sick.
The centaur shoots an arrow.
The arrow closely misses your killer bee.
The arrow hits you.
* * * LOW HITPOINT WARNING * * *
The killer bee stings your killer bee but does no damage.
The centaur shoots an arrow.
The arrow misses your killer bee. The arrow closely misses you.
Your killer bee stings the killer bee.
The killer bee is poisoned.
Your killer bee poisons the killer bee!
The killer bee stings your killer bee.
It was a potion of degeneration.
There was something very wrong with that liquid.
You feel weakened.
You feel dopey.
You feel clumsy.
You feel sick.
Your killer bee stings the killer bee.
The killer bee stings your killer bee.
The centaur shoots an arrow.
The arrow misses your killer bee. The arrow hits you!
You die...
Cheibriados appreciates the motionlessness of death.

#.##.##### #.#...#
#........#####.#...###
####...........##>#.....
.................#..#####.
..............##.y.y......
#.#........##.##.#..#####
#.#........##{##.#y.#
##.#.....[..##c##.#..#
....##.....@yy...#...,
#.#.##.###########.###
#.#.##.# ..#
#<...#.######.# ###
######.....#)......#
..(.......#>########
.#######.##[# .# #.##)##
.# #.....##


You could see a centaur, a killer bee (distracted, very poisoned, ally target)
and a friendly killer bee (charmed).

Vanquished Creatures
  Maggie (D:7)
  A troll (D:10)
  Grinder (D:3)
  Prince Ribbit (D:6)
  Eustachio (D:5)
  2 steam dragons
  Duvessa (D:5)
  An orc warrior (D:10)
  3 sky beasts
  An ogre (D:5)
  A black bear (D:6)
  2 centaurs
  A kobold brigand (D:8)
  Blork the orc (D:6)
  3 bullfrogs
  3 scorpions
  Dowan (D:5)
  2 killer bees
  A howler monkey (D:8)
  4 hounds
  4 jellies
  2 orc priests
  A sleepcap (D:7)
  Jessica (D:3)
  Terence (D:3)
  2 iguanas
  6 orc wizards
  Robin (D:4)
  5 adders
  A shadow imp (D:7)
  A white imp (D:7)
  2 dart slugs
  10 orcs
  6 ball pythons
  4 endoplasms
  2 giant cockroaches
  9 goblins
  10 hobgoblins
  4 jackals (D:3)
  5 quokkas
  7 bats
  2 frilled lizards (D:3)
  10 kobolds
  6 rats
134 creatures vanquished.

Vanquished Creatures (others)
  2 killer bees (D:9)
  A jelly (D:5)
3 creatures vanquished.

Grand Total: 137 creatures vanquished

Notes
Turn   | Place    | Note
-------+----------+-------------------------------------------
     0 | D:1      | Tarmogoyf the Formicid Warper began the quest for the Orb.
     0 | D:1      | Reached XP level 1. HP: 16/16 MP: 3/3
    45 | D:1      | Reached skill level 1 in Stealth
   141 | D:1      | Reached XP level 2. HP: 22/22 MP: 5/5
   411 | D:1      | Reached XP level 3. HP: 18/27 MP: 6/6
   905 | D:2      | Found Rider's Assorted Antiques.
   916 | D:2      | Bought a scroll labelled DUPHIA AJAUMEST for 29 gold pieces
   916 | D:2      | Bought a scroll labelled IFAVATR ELOECW for 29 gold pieces
   942 | D:2      | Found a sparkling altar of Nemelex Xobeh.
   949 | D:2      | Found Ducval's Book Shop.
  1265 | D:2      | Reached XP level 4. HP: 33/33 MP: 7/7
  1287 | D:2      | Found Amahon's Antique Armour Emporium.
  1422 | D:2      | Identified 3 scrolls of acquirement
  1422 | D:2      | Acquired 642 gold pieces
  1423 | D:2      | Acquired a scarf of repulsion
  1424 | D:2      | Acquired the +0 kite shield of Snakes and Ladders {Str+4}
  1531 | D:2      | Bought a small opal ring for 145 gold pieces
  1531 | D:2      | Bought a scroll labelled VUYTUCR RIGRUA for 29 gold pieces
  1600 | D:3      | Found a hide-covered altar of Uskayaw.
  1656 | D:3      | Noticed Grinder
  1667 | D:3      | Killed Grinder
  1668 | D:3      | Reached skill level 5 in Stealth
  1668 | D:3      | Reached XP level 5. HP: 24/38 MP: 8/8
  1668 | D:3      | Reached XP level 6. HP: 28/44 MP: 9/9
  1759 | D:3      | Noticed Jessica
  1803 | D:3      | Killed Jessica
  2026 | D:3      | Noticed Terence
  2032 | D:3      | Killed Terence
  2069 | D:3      | Found an opulent altar of Gozag.
  2320 | D:4      | Noticed Robin
  2348 | D:4      | Killed Robin
  2452 | D:4      | Reached skill level 5 in Polearms
  2521 | D:4      | Reached XP level 7. HP: 46/50 MP: 10/10
  3055 | D:5      | Entered Level 5 of the Dungeon
  3231 | D:5      | Noticed Duvessa
  3231 | D:5      | Noticed Dowan
  3743 | D:5      | Noticed Eustachio
  3752 | D:5      | Killed Eustachio
  3753 | D:5      | Reached XP level 8. HP: 38/56 MP: 11/13
  3860 | D:5      | Found Rocw's Armour Shoppe.
  3869 | D:5      | Bought the +1 pair of gloves of Lethargy {Regen+ Str+2} for
                  | 269 gold pieces
  4089 | D:5      | Found a white marble altar of Elyvilon.
  4391 | D:5      | Bought a +0 kite shield of protection for 149 gold pieces
  4589 | D:5      | Killed Duvessa
  4592 | D:5      | Killed Dowan
  4623 | D:6      | Reached skill level 5 in Translocations
  4716 | D:6      | Noticed Blork the orc
  4732 | D:6      | Reached XP level 9. HP: 57/61 MP: 15/15
  4742 | D:6      | Found a burning altar of Makhleb.
  4821 | D:6      | Noticed Prince Ribbit
  4833 | D:6      | Killed Blork the orc
  4877 | D:6      | Killed Prince Ribbit
  4950 | D:6      | Found an ornate altar of the Wu Jian Council.
  4969 | D:6      | Identified the ring "Ireodo" {rN+ Will+ Dex+4}
  4985 | D:6      | Found Unteulie's Armour Emporium.
  5182 | D:7      | Noticed Maggie
  5198 | D:7      | Killed Maggie
  5256 | D:7      | Found a staircase to the Ecumenical Temple.
  5266 | Temple   | Entered the Ecumenical Temple
  5277 | Temple   | Became a worshipper of Cheibriados the Contemplative
  5325 | D:7      | Reached skill level 1 in Invocations
  5338 | D:7      | Found a radiant altar of Vehumet.
  5407 | D:7      | Found a shimmering altar of Xom.
  5489 | D:7      | Found a broken altar of Ashenzari.
  6071 | D:8      | Reached * piety under Cheibriados
  6112 | D:8      | Reached skill level 5 in Invocations
  6117 | D:8      | Reached XP level 10. HP: 70/70 MP: 16/16
  6358 | D:8      | Found Fatoiwyps's Tremendous Tomes.
  6467 | D:8      | Found a bloodstained altar of Trog.
  6525 | D:8      | Found a basalt altar of Yredelemnul.
  6810 | D:10     | Entered Level 10 of the Dungeon
  6853 | D:10     | Learned a level 4 spell: Manifold Assault
  6903 | D:9      | Shot with an arrow by a centaur

Illustrated notes

Levels and vault maps discovered:
D:1:      minmay_arrival_open_corners, layout_loops_ring, item_on_display_b
D:2:      layout_loops_ring, serial_shops, shop, nicolae_shop_window_shopping,
          shop, basic_altar
D:3:      layout_rooms, grunt_gozag_breadcrumbs, nicolae_uskayaw_suspiria,
          uniq_jessica, uniq_grinder, uniq_terence
D:4:      layout_loops_ring, uniq_robin
D:5:      layout_layer_cave, overflow_temple_1_default, serial_shops,
          nicolae_shop_tiny_waterfront, uniq_duvessa, uniq_eustachio
D:6:      layout_rooms, general_overflow_altar, mainiacjoe_overflow_alcove_1,
          serial_shops, nicolae_shop_advertising_works
          [nicolae_subvault_shop_adworks], uniq_prince_ribbit1,
          uniq_blork_the_orc
D:7:      layout_basic, mainiacjoe_overflow_alcove_2,
          nicolae_overflow_crystal_walls, evilmike_ruin_ashenzari,
          minmay_temple_entry_glassed_door, uniq_maggie
D:8:      layout_basic, mainiacjoe_overflow_brackets, yredelemnul_altar_generic,
          nicolae_shop_i_like_big_books, chequers_serial_rivers_micro_c,
          kennysheep_generic_room_10
D:9:      layout_loops_ring, nicolae_hepliaklqana_hippocampus,
          kennysheep_little_box, lair_entry_dummy, dk_vineyard_2
D:10:     layout_big_octagon, tso_altar, hellmonk_ghost_big_iron, minivault_5,
          nicolae_shop_vocational, uniq_lodul
Temple:   nicolae_temple_figure_zero

Skill      XL: |  1  2  3  4  5  6  7  8  9 10 |
---------------+-------------------------------+-----
Stealth        | 1 2 3 5 6 8 |  8.0
Polearms       | 3 4 5 |  5.3
Translocations | 3 6 8 |  8.0
Spellcasting   | 3 4 |  4.0
Fighting       | 3 |  3.0
Shields        | 2 3 |  3.3
Invocations    | 5 8 |  8.0
Throwing       | |  1.0
Armour         | |  1.1
Dodging        | |  1.7

Action                     |  1- 3 |  4- 6 |  7- 9 | 10-12 || total
---------------------------+-------+-------+-------+-------++-------
  Melee: Spear             |    31 |       |       |       ||    31
         Trident           |    54 |    87 |   169 |    37 ||   347
         Unarmed           |       |    10 |       |       ||    10
  Throw: Dart              |       |    19 |    19 |       ||    38
Ability: Dig               |     1 |       |       |     1 ||     2
  Evoke: Wand              |       |       |     8 |     3 ||    11
    Use: Scroll            |     1 |     3 |     4 |     5 ||    13
         Potion            |       |       |       |     2 ||     2
   Stab: Sleeping          |     2 |     1 |     9 |     4 ||    16
         Distracted        |     1 |       |       |       ||     1
 Armour: Leather armour    |    60 |       |       |       ||    60
         Ring mail         |     9 |    84 |   148 |    31 ||   272
         Skin              |       |     5 |       |       ||     5
         Plate armour      |       |       |       |    57 ||    57
  Dodge: Dodged            |    36 |    63 |    90 |    24 ||   213
  Block: Kite shield       |       |    60 |    94 |    44 ||   198

Table legend: (Time is in decaauts)
 A = Elapsed time spent in this place.
 B = Non-inter-level travel time spent in this place.
 C = Inter-level travel time spent in this place.
 D = Time resting spent in this place.
 E = Time spent auto-exploring this place.
 F = Levels seen in this place.
 G = Mean time per level.
                   A        B        C        D        E       F      G
               +--------+--------+--------+--------+--------+-----+--------+
         Total |   7681 |   7096 |    585 |    666 |   5034 |  11 |  698.3 |
       Dungeon |   7658 |   7095 |    563 |    666 |   5034 |  10 |  765.8 |
        Temple |     23 |      2 |     21 |      0 |      0 |   1 |   23.0 |
               +--------+--------+--------+--------+--------+-----+--------+

Top non-repeatable levels by time:
     D:5: 1507 daAuts
     D:7: 1088 daAuts
     D:8: 1047 daAuts
     D:4: 959 daAuts
     D:1: 845 daAuts
     D:3: 785 daAuts
     D:2: 673 daAuts
     D:6: 561 daAuts
     D:9: 143 daAuts
    D:10: 45 daAuts
  Temple: 23 daAuts
